 Dungeon Crawl Stone Soup version 0.31.0-9-g3a7656b989 (webtiles) character file.

Game seed: 15832273379919801578

28 qw the Shooter (level 2, -1/16 HPs)
             Began as a Deep Elf Hunter on Feb 2, 2024.
             Slain by Terence
             ... wielding a +2 vampiric trident
              (5 damage)
             ... on level 2 of the Dungeon.
             The game lasted 00:00:02 (871 turns).

qw the Shooter (Deep Elf Hunter)                     Turns: 871, Time: 00:00:03

Health: -1/16      AC:  5    Str:  8    XL:     2   Next: 96%
Magic:  4/4        EV: 10    Int: 13    God:
Gold:   55         SH:  0    Dex: 18    Spells: 1/1 levels left

rFire   . . .        a - +1 shortbow
rCold   . . .        (shield currently unavailable)
rNeg    . . .        d - +0 ring mail
rPois   .            (no helmet)
rElec   .            (no cloak)
rCorr   .            (no gloves)
SInv    .            (no boots)
Will    .....        (no amulet)
Stlth   +            (no ring)
HPRegen 0.22/turn    (no ring)
MPRegen 0.09/turn

%: no passive effects
@: about to teleport
A: no striking features
a: no special abilities


You were on level 2 of the Dungeon.
You visited 1 branch of the dungeon, and saw 2 of its levels.

You collected 55 gold pieces.


   Skills:
 - Level 1.5 Fighting
 + Level 6.6 Ranged Weapons
 - Level 2.4 Dodging
 - Level 1.2 Stealth


You had one spell level left.
You didn't know any spells.
Your spell library was empty.

Inventory:

Hand Weapons
 a - a +1 shortbow (weapon)
Armour
 d - a +0 ring mail (worn)
Jewellery
 e - a ring of fire
Potions
 c - a potion of curing {unknown}

Dungeon Overview and Level Annotations

Branches:
Dungeon (2/15)

Altars:

Annotations:
D:2 Terence


Message History

You shoot an arrow. The arrow barely misses the adder.
The adder bites you but does no damage. x2
You shoot an arrow. The arrow hits the adder.
The adder is severely wounded.
The adder misses you. The adder bites you but does no damage.
You shoot an arrow. The arrow hits the adder.
You kill the adder!
Terence the Incautious comes into view.
He is wielding a +2 vampiric trident.
You shoot an arrow. The arrow hits Terence.
Terence shouts!
Terence is lightly wounded.
You shoot an arrow.
The arrow hits Terence but does no damage.
Terence is lightly wounded.
You shoot an arrow. The arrow closely misses Terence.
You shoot an arrow.
The arrow hits Terence but does no damage.
Terence is lightly wounded.
You shoot an arrow.
The arrow hits Terence but does no damage.
Terence is lightly wounded.
Terence hits you from afar with a +2 vampiric trident.
Terence draws strength from your wounds!
Terence hits you from afar with a +2 vampiric trident.
You shoot an arrow. The arrow hits Terence.
Terence is lightly wounded.
Terence hits you but does no damage.
You shoot an arrow. The arrow barely misses Terence.
Terence hits you from afar with a +2 vampiric trident.
You shoot an arrow. The arrow hits Terence.
Terence is moderately wounded.
Terence bares his teeth.
Terence hits you from afar with a +2 vampiric trident.
Terence closely misses you.
871 ||| READING scroll of teleportation.
As you read the scroll of teleportation, it crumbles to dust.
You feel strangely unstable.
Terence hits you from afar with a +2 vampiric trident.
You die...
Terence says, "Time to find some more victims."

#.# .# #<# .#
.#######.# ##.#
.........# ...#
.#######.# #..# #.#
#.. #.#
####.##.###########.#
.......@............#
####.##%#############
#.@. ##... ###.# .#
.# .


You could see Terence.

Vanquished Creatures
  An adder (D:2)
  2 endoplasms
  3 goblins
  2 jackals (D:1)
  2 kobolds (D:1)
  A quokka (D:1)
  3 bats
  3 rats (D:1)
17 creatures vanquished.

Notes
Turn   | Place    | Note
-------+----------+-------------------------------------------
     0 | D:1      | qw the Deep Elf Hunter began the quest for the Orb.
     0 | D:1      | Reached XP level 1. HP: 12/12 MP: 3/3
     0 | D:1      | 0 ||| qw: Version: 0.3-a-155-g5e7d8dd
     0 | D:1      | 0 ||| qw: Game counter: 629
     0 | D:1      | 0 ||| qw: Melee chars always use a shield: true
     0 | D:1      | 0 ||| qw: God list: Okawaru
     0 | D:1      | 0 ||| qw: Allow faded altars: false
     0 | D:1      | 0 ||| qw: Do Orc after clearing Dungeon:15 true
     0 | D:1      | 0 ||| qw: Do second Lair branch before Depths: true
     0 | D:1      | 0 ||| qw: Lair rune preference: random
     0 | D:1      | 0 ||| qw: Goals: Normal
     0 | D:1      | 0 ||| PLANNING D:1-11
   182 | D:1      | Reached XP level 2. HP: 16/16 MP: 4/4
   235 | D:1      | Reached skill level 6 in Ranged Weapons
   528 | D:1      | 528 ||| DROPPING +0 heavy sling.
   650 | D:1      | 650 ||| UPGRADING to +0 ring mail.
   660 | D:1      | 660 ||| DROPPING +0 leather armour.
   661 | D:1      | 661 ||| READING scroll labelled JUUP QOEBI FIROSO.
   661 | D:1      | 661 ||| ENCHANTING +0 shortbow.
   662 | D:1      | 662 ||| READING scroll labelled QEGIRR TESKAM.
   663 | D:1      | 663 ||| READING scroll labelled MIOSUN DAFEN.
   666 | D:1      | 666 ||| READING scroll labelled LOPEMU DOUDWU.
   667 | D:1      | 667 ||| DROPPING scroll of butterflies.
   862 | D:2      | Noticed Terence
   870 | D:2      | HP: 4/16 [Terence/+2 vampiric trident (1)]
   871 | D:2      | 871 ||| READING scroll of teleportation.
   871 | D:2      | Slain by Terence

Levels and vault maps discovered:
D:1:      dpeg_arrival_yet_another_circle, layout_basic, serial_bayou_pond_c,
          grunt_decor_fettered
D:2:      layout_basic, minmay_misc_feat_x, uniq_terence

Skill      XL: |  1  2 |
---------------+-------+-----
Ranged Weapons | 6 |  6.6
Fighting       | |  1.5
Dodging        | |  2.4
Stealth        | |  1.2

Action                     || total
---------------------------++-------
   Fire: Shortbow          ||    50
    Use: Scroll            ||     5
 Armour: Leather armour    ||     1
         Ring mail         ||    10
  Dodge: Dodged            ||     9

Table legend:
 A = Non-vault XP
 B = Vault XP
 C = Vault XP percentage of total XP
 D = Non-vault monster count
 E = Vault monster count
 F = Vault count percentage of total count
                 A         B        C        D         E       F
            +---------+---------+-------+---------+---------+-------
      Total |      40 |       0 |   0.0 |      17 |       0 |   0.0
            +---------+---------+-------+---------+---------+-------
        D:1 |      20 |       0 |   0.0 |      13 |       0 |   0.0
        D:2 |      20 |       0 |   0.0 |       4 |       0 |   0.0
            +---------+---------+-------+---------+---------+-------
